[Event "Team 45 45 League T42"]
[Site "Internet Chess Club"]
[Date "2009.10.29"]
[Round "1"]
[White "WhoHuhWhat"]
[Black "CTR-1111"]
[Result "0-1"]
[WhiteElo "1067"]
[BlackElo "1150"]
[Opening "QGD: symmetrical (Austrian) defense"]
[ECO "D06"]
[Time "19:00:22"]
[TimeControl "2700+45"]

1. d4 d5 2. c4 c5 3. Nc3 cxd4 4. Qxd4 Nc6 5. Qxd5 Qxd5 6. cxd5 Nb4 7. Kd2 Bf5 8.
e4 Bg6 9. a3 Na6 10. Bd3 Nc5 11. Kc2 Nf6 12. f3 e5 13. Bg5 Be7 14. Bxf6 Bxf6 15.
b4 Nxd3 16. Kxd3 O-O 17. Rc1 Rac8 18. Nge2 Bg5 19. Rc2 f5 20. Nb5 fxe4+ 21. fxe4
Rxc2 22. Kxc2 Bxe4+ 23. Kc3 Rc8+ 24. Kb2 Rc2+ 25. Ka1 Rxe2 26. Rc1 Bxc1 {White
resigns} 0-1

[Event "Team 45 45 League T43"]
[Site "Internet Chess Club"]
[Date "2009.11.02"]
[Round "1"]
[White "bowwrestler"]
[Black "WzeroMN"]
[Result "0-1"]
[WhiteElo "1045"]
[BlackElo "1209"]
[Opening "Ruy Lopez: Berlin defense, open variation"]
[ECO "C67"]
[Time "11:00:24"]
[TimeControl "2700+45"]

1. e4 e5 2. Nf3 Nc6 3. Bb5 Nf6 4. O-O Nxe4 5. Re1 Nf6 6. Bxc6 dxc6 7. Nxe5 Be7
8. d4 O-O 9. Bf4 Bd6 10. Nd2 Bf5 11. c4 b6 12. Ndf3 Re8 13. Re3 Bxe5 14. dxe5
Ng4 15. Re2 Qxd1+ 16. Rxd1 Be6 17. b3 Rac8 18. h3 Nh6 19. Ng5 Nf5 20. Nxe6 fxe6
21. Red2 c5 22. Bg5 Nd4 23. Be3 Nc6 24. Rd3 Nxe5 25. R3d2 Nc6 26. Rd3 Rcd8 27.
Bc1 Rxd3 28. Rxd3 Rd8 29. Rxd8+ Nxd8 30. Kf1 Nc6 31. a3 Kf7 32. Ke2 Kf6 33. Kf3
Nd4+ 34. Kf4 Ne2+ 35. Ke4 Nxc1 36. b4 cxb4 37. axb4 Nb3 38. Kd3 a5 39. Kc3 Nc1
40. Kc2 Ne2 41. Kd2 Nd4 42. Kd3 Nf5 43. b5 Ke5 44. g4 Nd6 45. h4 Kf4 46. f3 Kxf3
47. g5 Kg4 48. c5 bxc5 49. h5 Kxh5 50. b6 cxb6 51. g6 Kxg6 52. Ke3 a4 53. Kd2 h5
54. Kd3 a3 55. Kc2 h4 56. Kb3 h3 57. Kxa3 h2 58. Kb3 h1=Q 59. Kc3 Qe4 60. Kd2
Nc4+ 61. Kc3 Qd4+ 62. Kc2 Qd2+ 63. Kb3 Na5+ 64. Ka3 Qc1+ 65. Ka4 Qc2+ 66. Kb5
Qb3+ 67. Ka6 c4 68. Ka7 c3 69. Kb8 c2 70. Kc7 c1=Q+ 71. Kd6 Qc6+ 72. Ke5 Qbd5+
73. Kf4 Qcc4+ 74. Ke3 Qdd3+ 75. Kf2 Qcc2+ 76. Ke1 Qdd1# {White checkmated} 0-1

[Event "Team 45 45 League T43"]
[Site "Internet Chess Club"]
[Date "2009.11.03"]
[Round "1"]
[White "Shiri2000"]
[Black "SeniorCitizen"]
[Result "1-0"]
[WhiteElo "1410"]
[BlackElo "1263"]
[Opening "French: Two knights variation"]
[ECO "C00"]
[Time "11:30:29"]
[TimeControl "2700+45"]

1. e4 e6 2. Nf3 d5 3. Nc3 d4 4. Nb5 Nc6 5. b3 Bc5 6. Bb2 e5 7. c3 a6 8. Na3 Nf6
9. cxd4 exd4 10. d3 O-O 11. Be2 Qd6 12. Nc2 Ng4 13. h3 Nge5 14. O-O Nxf3+ 15.
Bxf3 Qe5 16. Ba3 Bxa3 17. Nxa3 b5 18. Qd2 Bd7 19. Nc2 a5 20. a4 b4 21. Be2 Qc5
22. Ne1 Qc3 23. Qd1 Qc5 24. Nf3 Ra7 25. Rc1 Qd6 26. Qd2 Ne5 27. Qg5 Nxf3+ 28.
Bxf3 Qg6 29. Qc5 Qb6 30. Qxb6 cxb6 31. Rc4 Be6 32. Rxd4 Bxb3 33. Bd1 Bxd1 34.
Rxd1 Rb7 35. Rd6 Ra8 36. Rd5 Rab8 37. Rb5 Rc7 38. d4 Kf8 39. f4 Ke7 40. Kf2 Rc3
41. Ra1 Rb7 42. g3 Rc4 43. Rd1 Rc3 44. Ra1 Rc4 45. Ke3 Rc3+ 46. Kf2 Rc4 47. Rd1
Rc3 48. Re5+ Kd6 49. Ra1 Ra3 50. Rd5+ Ke7 51. Re5+ Kf8 52. Rc1 Rb8 53. d5 Rc3
54. Rxc3 bxc3 55. Ke2 Rc8 56. Kd1 Rc5 57. d6 Rxe5 58. fxe5 Ke8 59. Kc2 Kd7 60.
Kxc3 f6 61. Kd4 Ke6 62. exf6 gxf6 63. d7 Kxd7 64. Kd5 Kc7 65. Kc4 Kc6 66. h4 b5+
67. axb5+ Kb6 68. g4 a4 69. Kb4 a3 70. Kxa3 Kxb5 71. Kb3 Kc5 72. Kc3 Kd6 73. Kd4
Ke6 74. Ke3 Ke5 75. Kf3 Ke6 76. Kf4 Kf7 77. Kf5 Kg7 78. g5 fxg5 79. Kxg5 {Black
resigns} 1-0

[Event "Team 45 45 League T43"]
[Site "Internet Chess Club"]
[Date "2009.11.03"]
[Round "1"]
[White "KingOfHearts"]
[Black "JimGaming"]
[Result "0-1"]
[WhiteElo "1221"]
[BlackElo "1312"]
[Opening "Sicilian: Hungarian variation"]
[ECO "B27"]
[Time "14:00:59"]
[TimeControl "2700+45"]

1. e4 c5 2. Nf3 g6 3. Bc4 Bg7 4. O-O Nc6 5. d3 e6 6. Nc3 Nge7 7. Be3 b6 8. a3
O-O 9. Qd2 d5 10. exd5 exd5 11. Bb5 Nd4 12. Bg5 Nxf3+ 13. gxf3 f6 14. Bh6 d4 15.
Ne2 Bxh6 16. Qxh6 a6 17. Bc4+ Kh8 18. Kh1 b5 19. Bb3 Nf5 20. Qd2 Nh4 21. Qf4 g5
22. Qg3 Bb7 23. Ng1 Bd5 24. h3 Bxb3 25. cxb3 Qd5 26. b4 c4 27. dxc4 bxc4 28. Kh2
Rac8 29. f4 d3 30. fxg5 fxg5 31. Rad1 Rce8 32. Rd2 Qe5 33. Qxe5+ Rxe5 34. Kg3 h5
35. Rc1 Re4 36. a4 Ref4 37. Re1 Nf5+ 38. Kg2 g4 39. hxg4 Rxg4+ 40. Kf1 Ng3+
{White resigns} 0-1

[Event "Team 45 45 League T42"]
[Site "Internet Chess Club"]
[Date "2009.10.29"]
[Round "1"]
[White "MeansToAnEnd"]
[Black "chips"]
[Result "1-0"]
[WhiteElo "1152"]
[BlackElo "1187"]
[Opening "Scandinavian (center counter) defense"]
[ECO "B01"]
[Time "18:02:10"]
[TimeControl "2700+45"]

1. e4 d5 2. exd5 Qxd5 3. Nc3 Qd8 4. Nf3 Nf6 5. Bc4 e6 6. d3 g6 7. Bg5 Bg7 8. Qd2
O-O 9. Ne4 Nbd7 10. O-O c6 11. a4 Qc7 12. Bf4 Qd8 13. b4 Nxe4 14. dxe4 Bxa1 15.
Rxa1 Nb6 16. Bd3 f6 17. a5 Nd7 18. Bc4 Nb8 19. Rd1 Qxd2 20. Rxd2 b5 21. Bb3 Na6
22. c3 Kg7 23. e5 f5 24. Rd6 Nb8 25. Nd4 Re8 26. Nxe6+ Bxe6 27. Bxe6 a6 28. Bg5
Ra7 29. Bf6+ Kh6 30. h4 Rc7 31. Bd8 Ra7 32. f3 Rf8 33. Bb6 Re7 34. Be3+ Kg7 35.
Bg5 Rc7 36. Kh2 c5 37. g4 fxg4 38. Bxg4 cxb4 39. cxb4 Rc6 40. Rd4 Rc4 41. Rd1
Rxb4 42. e6 Rb2+ 43. Kg3 Re2 44. e7 Rxe7 45. Bxe7 Re8 46. Re1 Rg8 47. Bb4 Nc6
48. Bc3+ Kh6 49. Rc1 b4 50. Bd2+ g5 51. Rxc6+ Rg6 52. Bxg5+ Kg7 53. Rc7+ Kg8 54.
Rb7 h6 55. Bh5 Rd6 56. Bf4 Rd5 57. Bf7+ {Black resigns} 1-0

[Event "Team 45 45 League T43"]
[Site "Internet Chess Club"]
[Date "2009.10.30"]
[Round "1"]
[White "KidRattler"]
[Black "sere"]
[Result "1-0"]
[WhiteElo "958"]
[BlackElo "1061"]
[Opening "English: Carls' Bremen system"]
[ECO "A22"]
[Time "14:30:20"]
[TimeControl "2700+45"]

1. c4 e5 2. Nc3 Nf6 3. g3 Nc6 4. Bg2 Bb4 5. e3 O-O 6. Nge2 d6 7. O-O Bg4 8. f3
Be6 9. a3 Bxc3 10. Nxc3 Qd7 11. Qe2 Rfe8 12. b3 Rad8 13. Bb2 Qe7 14. Qf2 d5 15.
cxd5 Nxd5 16. Nxd5 Bxd5 17. b4 Bc4 18. Rfc1 Bb5 19. Bf1 Bxf1 20. Qxf1 Rxd2 21.
Bc3 Rdd8 22. Qb5 b6 23. Qxc6 Rd6 24. Qc4 Qe6 25. Qxe6 Rdxe6 26. Rd1 {Black
resigns} 1-0

[Event "Team 45 45 League T43"]
[Site "Internet Chess Club"]
[Date "2009.11.02"]
[Round "1"]
[White "Westman"]
[Black "clarinetref"]
[Result "1-0"]
[WhiteElo "1735"]
[BlackElo "1651"]
[Opening "King's Indian: orthodox variation"]
[ECO "E94"]
[Time "20:20:34"]
[TimeControl "2700+45"]

1. d4 Nf6 2. c4 g6 3. Nc3 d6 4. e4 Bg7 5. Nf3 O-O 6. Be2 e5 7. O-O a5 8. dxe5
dxe5 9. Qxd8 Rxd8 10. Bg5 Re8 11. Nd5 Nxd5 12. cxd5 f6 13. Be3 Bd7 14. Rac1 Rc8
15. Rfd1 Na6 16. Rd2 Bf8 17. Rdc2 Bd6 18. a3 f5 19. exf5 Bxf5 20. Rc4 e4 21. Ng5
Re8 22. g4 Bd7 23. Rxe4 Rxe4 24. Nxe4 Be5 25. b3 Re8 26. f3 Bb2 27. Rc2 Bxa3 28.
Nf6+ Kf7 29. Nxe8 Bxe8 30. Bxa6 bxa6 31. Rxc7+ Kg8 32. Bd4 Bf7 {Black resigns}
1-0

[Event "Team 45 45 League T43"]
[Site "Internet Chess Club"]
[Date "2009.11.02"]
[Round "1"]
[White "PostMike"]
[Black "Bible-Believer"]
[Result "1-0"]
[WhiteElo "1570"]
[BlackElo "1562"]
[Opening "French: Tarrasch"]
[ECO "C03"]
[Time "14:31:53"]
[TimeControl "2700+45"]

1. e4 e6 2. d4 d5 3. Nd2 Be7 4. Ngf3 Nf6 5. e5 Nfd7 6. Bd3 c5 7. c3 Nc6 8. O-O
Qb6 9. dxc5 Nxc5 10. Bc2 Qc7 11. Re1 b6 12. c4 dxc4 13. Nxc4 Nb4 14. Nd6+ Kf8
15. Bb1 Ba6 16. a3 Nd5 17. b4 Nd7 18. b5 Bb7 19. Nxb7 Qxb7 20. Ng5 h6 21. Nf3
Rc8 22. Bd2 g6 23. Qb3 Kg7 24. Be4 Nc5 25. Qa2 Nxe4 26. Rxe4 Nc3 27. Bxc3 Qxe4
28. Bb2 Rc5 29. a4 Rhc8 30. Re1 Qc4 31. Qa1 Qc2 32. Nd4 Qd3 33. g3 R8c7 34. Rd1
Qe4 35. Re1 Qb7 36. Nc6 Bf8 37. Ba3 Rc4 38. Bd6 Bxd6 39. exd6+ Kf8 {Black
resigns} 1-0

[Event "Team 45 45 League T42"]
[Site "Internet Chess Club"]
[Date "2009.10.29"]
[Round "1"]
[White "Dr-Checkmate"]
[Black "tryanything"]
[Result "1-0"]
[WhiteElo "1556"]
[BlackElo "1590"]
[Opening "Scotch gambit"]
[ECO "C44"]
[Time "04:31:43"]
[TimeControl "2700+45"]

1. e4 e5 2. Nf3 Nc6 3. d4 exd4 4. Bc4 Bc5 5. c3 dxc3 6. Bxf7+ Kxf7 7. Qd5+ Ke8
8. Qxc5 d6 9. Qxc3 Qf6 10. Be3 Bg4 11. Nd4 Nge7 12. Nd2 Kd7 13. f3 Bh5 14. Rd1
Rad8 15. N2b3 Kc8 16. Na5 d5 17. O-O Nxa5 18. Qxa5 Qb6 19. Qxb6 axb6 20. Ne6 Rd7
21. Nxg7 Bg6 22. Ne6 dxe4 23. Rxd7 Kxd7 24. Nf4 exf3 25. Nxg6 hxg6 26. Rxf3 Nf5
27. Bf4 c5 28. g4 Nd4 29. Rd3 Rf8 30. Be5 Rf3 31. Rd2 Kc6 32. Bxd4 cxd4 33. Rxd4
b5 34. h4 Kc5 35. Re4 Rd3 36. h5 gxh5 37. gxh5 Rd1+ 38. Kf2 Rd2+ 39. Re2 Rd5 40.
h6 Rh5 41. Re6 Kd5 42. Rb6 Kc5 43. Re6 Kd5 44. Rg6 Ke5 45. Rb6 {Black resigns}
1-0

[Event "Team 45 45 League T43"]
[Site "Internet Chess Club"]
[Date "2009.10.30"]
[Round "1"]
[White "tightfist"]
[Black "rookmaster23"]
[Result "1/2-1/2"]
[WhiteElo "1522"]
[BlackElo "1411"]
[Opening "Bird's opening"]
[ECO "A03"]
[Time "20:00:31"]
[TimeControl "2700+45"]

1. f4 d5 2. Nf3 c5 3. e3 Nc6 4. Be2 Nf6 5. O-O e6 6. b3 Be7 7. Bb2 b6 8. Bb5 Bb7
9. Ne5 Qc7 10. c4 O-O 11. Nxc6 Bxc6 12. Bxc6 Qxc6 13. f5 dxc4 14. bxc4 Rad8 15.
Nc3 exf5 16. Rxf5 Qd7 17. Nd5 Nxd5 18. Rxd5 Qe6 19. Qf3 Rxd5 20. cxd5 Qd7 21.
Qg3 f6 22. e4 Qb5 23. Bc3 Qc4 24. Qg4 Re8 25. Qe6+ Kf8 26. e5 Bd8 27. Qd7 Qe4
28. Rf1 Qg6 29. exf6 Bxf6 30. d6 Re2 31. Qc8+ Kf7 32. Qb7+ Kg8 33. d7 Qd3 34.
Qc8+ Kf7 35. d8=Q Rxg2+ 36. Kxg2 Qe2+ 37. Rf2 Qe4+ 38. Kf1 Qh1+ 39. Ke2 Qe4+ 40.
Kd1 Qb1+ 41. Ke2 Qe4+ 42. Kf1 Qh1+ 43. Ke2 Qe4+ 44. Kd1 Qb1+ 45. Ke2 Qe4+ {Game
drawn by repetition} 1/2-1/2

[Event "Team 45 45 League T43"]
[Site "Internet Chess Club"]
[Date "2009.10.30"]
[Round "1"]
[White "fishhead"]
[Black "Rookmaster"]
[Result "1-0"]
[WhiteElo "2076"]
[BlackElo "1842"]
[Opening "Petrov: Cochrane gambit"]
[ECO "C42"]
[Time "20:01:33"]
[TimeControl "2700+45"]

1. e4 e5 2. Nf3 Nf6 3. Nxe5 d6 4. Nxf7 Kxf7 5. Bc4+ d5 6. exd5 Qe8+ 7. Qe2 Qxe2+
8. Kxe2 Bd6 9. d4 Bf5 10. Bb3 Re8+ 11. Be3 Ng4 12. c4 Nxe3 13. fxe3 Bg4+ 14. Kd2
Bb4+ 15. Nc3 Nd7 16. h3 Bh5 17. Rhf1+ Kg8 18. g4 Bg6 19. g5 Rf8 20. a3 Bxc3+ 21.
Kxc3 Rxf1 22. Rxf1 Rf8 23. Rxf8+ Kxf8 24. Bc2 Bxc2 25. Kxc2 h6 26. gxh6 gxh6 27.
e4 Nf6 28. Kd3 Ke7 29. e5 Nh7 30. h4 h5 31. Ke4 c6 32. d6+ Ke6 33. d5+ cxd5+ 34.
cxd5+ Kd7 35. Kf5 Nf8 36. Kf6 a6 37. Kg7 Ne6+ 38. dxe6+ Kxe6 39. Kg6 b5 40. Kxh5
a5 41. Kg6 b4 42. h5 Kxe5 43. d7 bxa3 44. bxa3 Kd4 45. d8=Q+ Kc3 46. Qxa5+ Kb2
47. h6 {Black resigns} 1-0

[Event "Team 45 45 League T43"]
[Site "Internet Chess Club"]
[Date "2009.11.01"]
[Round "1"]
[White "Timotheous"]
[Black "isolani"]
[Result "1/2-1/2"]
[WhiteElo "1619"]
[BlackElo "1610"]
[Opening "Réti opening"]
[ECO "A13"]
[Time "12:30:19"]
[TimeControl "2700+45"]

1. Nf3 e6 2. c4 f5 3. g3 Nf6 4. Bg2 Be7 5. b3 O-O 6. O-O Nc6 7. Bb2 d6 8. d4 Qe8
9. a3 Nd8 10. b4 Nf7 11. Nbd2 Bd8 12. c5 e5 13. cxd6 cxd6 14. dxe5 dxe5 15. Nc4
Bc7 16. Qc2 Qe7 17. Rfd1 Ne4 18. Rac1 Re8 19. Nfd2 Neg5 20. Ne3 Bb6 21. Nd5 Qe6
22. Nxb6 axb6 23. Qc4 e4 24. Qxe6 Nxe6 25. Nc4 b5 26. Nd6 Nxd6 27. Rxd6 Ra6 28.
Rd5 Rc6 29. Rxc6 bxc6 30. Rd6 c5 31. e3 cxb4 32. axb4 Rd8 33. Rxd8+ Nxd8 34. Bf1
Bd7 {Game drawn by mutual agreement} 1/2-1/2

[Event "Team 45 45 League T43"]
[Site "Internet Chess Club"]
[Date "2009.10.31"]
[Round "1"]
[White "joshtournman"]
[Black "John3v16"]
[Result "1/2-1/2"]
[WhiteElo "1470"]
[BlackElo "1621"]
[Opening "Sicilian: Alapin's variation (2.c3)"]
[ECO "B22"]
[Time "13:57:04"]
[TimeControl "2700+45"]

1. e4 c5 2. c3 d5 3. exd5 Qxd5 4. Qf3 Nf6 5. Qxd5 Nxd5 6. Nf3 Nc6 7. Bb5 Bd7 8.
d3 e6 9. Bxc6 Bxc6 10. Ne5 Rd8 11. Nxc6 bxc6 12. O-O Nb6 13. Rd1 c4 14. d4 c5
15. Be3 e5 16. Na3 cxd4 17. cxd4 Bxa3 18. bxa3 e4 19. Rac1 Rd5 20. Rd2 O-O 21.
Rb2 Rfd8 22. Rb4 R8d6 23. a4 Ra5 24. h3 h6 25. g4 g5 26. d5 Raxd5 27. Bxb6 Rxb6
28. Rxb6 axb6 29. Rxc4 Re5 30. Kf1 e3 31. fxe3 Rxe3 32. Rb4 Rxh3 33. Rxb6 Ra3
34. Rxh6 Rxa4 35. Rh5 Rxg4 36. Kf2 f6 37. Kf3 Ra4 38. Rh2 Kg7 39. Rd2 Kg6 40.
Kg3 Ra3+ 41. Kg2 g4 42. Kf2 f5 43. Rb2 Kg5 44. Kg2 f4 45. Rb5+ Kh4 46. Rb2 g3
47. Kh1 Kh3 48. Re2 f3 49. Rb2 f2 50. Rxf2 gxf2 {White stalemated} 1/2-1/2

[Event "Team 45 45 League T43"]
[Site "Internet Chess Club"]
[Date "2009.10.30"]
[Round "1"]
[White "dondel"]
[Black "arconia"]
[Result "0-1"]
[WhiteElo "1327"]
[BlackElo "1341"]
[Opening "Queen's pawn game"]
[ECO "E10"]
[Time "20:54:16"]
[TimeControl "2700+45"]

1. d4 Nf6 2. c4 e6 3. Nf3 Be7 4. e3 O-O 5. Be2 d6 6. Nbd2 b6 7. O-O Bb7 8. Bd3
c5 9. Re1 d5 10. e4 Qc7 11. e5 Nh5 12. Nf1 g6 13. g4 Ng7 14. Ng3 dxc4 15. Bxc4
a6 16. a3 b5 17. Be2 Qc6 18. dxc5 Nd7 19. Qc2 Nxe5 20. Nxe5 Qg2# {White
checkmated} 0-1

[Event "Team 45 45 League T43"]
[Site "Internet Chess Club"]
[Date "2009.11.01"]
[Round "1"]
[White "radiohead"]
[Black "chesskix"]
[Result "1-0"]
[WhiteElo "1396"]
[BlackElo "1412"]
[Opening "QGD Slav: exchange variation"]
[ECO "D15"]
[Time "20:00:26"]
[TimeControl "2700+45"]

1. d4 d5 2. c4 c6 3. Nc3 Nf6 4. Nf3 Bf5 5. cxd5 cxd5 6. e3 a6 7. Bd3 e6 8. Bxf5
exf5 9. O-O g6 10. b3 Bb4 11. Bb2 O-O 12. a3 Bd6 13. Rc1 Nc6 14. b4 Qc7 15. Qb3
Ne7 16. Nxd5 Nexd5 17. Rxc7 Bxc7 18. Ne5 Rad8 19. f3 Rfe8 20. Nc4 f4 21. exf4
Bxf4 22. Bc1 Bxc1 23. Rxc1 Nf4 24. Rd1 Ne2+ 25. Kf2 Nd5 26. Re1 Nxd4 27. Rxe8+
Rxe8 28. Qd3 Re2+ 29. Kf1 Rc2 30. Qxd4 Rxc4 31. Qxd5 Rc1+ 32. Kf2 Rc2+ 33. Kg3
h5 34. Qxb7 h4+ 35. Kxh4 Rxg2 36. Kh3 Re2 37. Qxa6 Re5 38. Kg4 Re1 39. Qc8+ Kh7
40. Kg5 Re5+ 41. Kf6 Rf5+ 42. Qxf5 gxf5 43. Kxf5 {Black resigns} 1-0

[Event "Team 45 45 League T43"]
[Site "Internet Chess Club"]
[Date "2009.11.01"]
[Round "1"]
[White "Skyler"]
[Black "MikeA"]
[Result "0-1"]
[WhiteElo "1394"]
[BlackElo "1375"]
[Opening "Sicilian: Pelikan (Lasker/Sveshnikov) variation"]
[ECO "B33"]
[Time "20:00:11"]
[TimeControl "2700+45"]

1. e4 c5 2. Nf3 Nc6 3. d4 cxd4 4. Nxd4 Nf6 5. Nc3 e5 6. Nf3 Bb4 7. Bd3 O-O 8.
O-O Re8 9. Bd2 d5 10. exd5 Nxd5 11. Nxd5 Qxd5 12. Re1 Bxd2 13. Nxd2 Be6 14. Bc4
Qd6 15. Bxe6 Rxe6 16. Ne4 Qe7 17. Qe2 Nd4 18. Qd3 Rd8 19. Rad1 f5 20. Ng3 e4 21.
Nxf5 exd3 22. Nxe7+ Kf8 23. c3 Ne2+ 24. Kf1 Kxe7 25. g3 Kf6 26. Rd2 Kf5 27. Rdd1
Kg4 28. Rd2 Kh3 29. Rdd1 Kxh2 30. Rd2 h5 31. Rdd1 Nxg3+ 32. fxg3 Rf8# {White
checkmated} 0-1

[Event "Team 45 45 League T43"]
[Site "Internet Chess Club"]
[Date "2009.11.01"]
[Round "1"]
[White "lawth3"]
[Black "Skylab"]
[Result "0-1"]
[WhiteElo "1123"]
[BlackElo "1314"]
[Opening "Scandinavian (center counter) defense"]
[ECO "B01"]
[Time "16:00:13"]
[TimeControl "2700+45"]

1. e4 d5 2. exd5 Qxd5 3. Nc3 Qa5 4. Bb5+ c6 5. Bc4 Nf6 6. Nf3 Bg4 7. d4 e6 8.
Bg5 Bxf3 9. Qxf3 Qxg5 10. O-O Bd6 11. h3 Qf4 12. Qxf4 Bxf4 13. Ne2 Bc7 14. g4 h6
15. f3 Nbd7 16. a4 O-O 17. Bd3 Nd5 18. f4 N7f6 19. a5 Ne3 20. Rf3 Nfd5 21. c4
Nxg4 22. hxg4 Nf6 23. Rg3 b5 24. c5 a6 25. b4 g5 26. fxg5 Bxg3 27. Nxg3 hxg5 28.
Kg2 Rfd8 29. Rd1 Nd5 30. Kf3 Nxb4 31. Bb1 Nd5 32. Rh1 Kf8 33. Nh5 Nf4 34. Nf6
Ke7 35. Nh7 Rxd4 36. Nxg5 Nd5 37. Rh7 Rf8 38. Bg6 Rf4+ 39. Kg3 Rf6 40. Bb1 Nc3
41. Rh1 Nxb1 42. Nh7 Rh8 43. g5 Rg6 44. Kg4 Rg7 45. Rxb1 Rgxh7 46. Rf1 Rh4+ 47.
Kg3 Rc4 48. Rf6 Rg8 49. Rf2 Rxg5+ 50. Kf3 Rf5+ 51. Ke2 Rc2+ {White resigns} 0-1

[Event "Team 45 45 League T43"]
[Site "Internet Chess Club"]
[Date "2009.10.31"]
[Round "1"]
[White "rook9999"]
[Black "mongmong"]
[Result "0-1"]
[WhiteElo "1511"]
[BlackElo "1518"]
[Opening "French: exchange variation"]
[ECO "C01"]
[Time "20:00:23"]
[TimeControl "2700+45"]

1. e4 e6 2. d4 d5 3. exd5 exd5 4. Nc3 Nf6 5. Nf3 c6 6. Bd3 Bd6 7. Be3 O-O 8. O-O
Bg4 9. h3 Bh5 10. Be2 Nbd7 11. Nd2 Bxe2 12. Qxe2 Qc7 13. Nf3 Rfe8 14. Qd3 Re7
15. Rfe1 Rae8 16. Re2 Ne4 17. Nd2 f5 18. Ndxe4 fxe4 19. Qd2 Bb4 20. a3 Qa5 21.
Ree1 Bxc3 22. Qxc3 Qxc3 23. bxc3 Nb6 24. Rab1 Nc4 25. Rb3 b5 26. Bg5 Re6 27. Bf4
a6 28. Kh2 h6 29. g3 g5 30. Be3 Kg7 31. Rg1 Kg6 32. h4 g4 33. Kg2 h5 34. Ra1
Nxe3+ 35. fxe3 Rf6 36. a4 Rf3 37. axb5 axb5 38. Ra6 Re6 39. Rxb5 Ref6 40. Rb1
Rxe3 41. c4 Re2+ 42. Kg1 Rxc2 43. cxd5 cxd5 44. Rbb6 Rf2 45. Rxf6+ Rxf6 46. Ra5
Rf5 47. Ra6+ Kf7 48. Ra7+ Ke6 49. Rc7 Kd6 50. Rc2 Rf7 51. Kg2 Rc7 52. Rf2 Ke6
53. Re2 Rc4 54. Rd2 Kd6 55. Kf2 Rc3 56. Kg2 Kc6 57. Rf2 Rf3 58. Rc2+ Kb6 59. Rc5
Rf5 60. Kg1 e3 61. Rc2 Kb5 62. Re2 Kc4 63. Rxe3 Kxd4 64. Re1 Kc3 65. Rc1+ Kd2
66. Rc5 Ke3 67. Rc3+ Ke4 68. Rc1 d4 69. Re1+ Kd5 70. Rd1 Rf3 71. Kg2 d3 72. Re1
Kd4 73. Rf1 Rxf1 74. Kxf1 Kc3 75. Ke1 Kc2 {White resigns} 0-1

[Event "Team 45 45 League T43"]
[Site "Internet Chess Club"]
[Date "2009.10.30"]
[Round "1"]
[White "oldprez"]
[Black "rayspokemon"]
[Result "0-1"]
[WhiteElo "1384"]
[BlackElo "1387"]
[Opening "Giuoco Piano: Greco's attack"]
[ECO "C54"]
[Time "19:01:22"]
[TimeControl "2700+45"]

1. e4 e5 2. Nf3 Nc6 3. Bc4 Bc5 4. c3 Nf6 5. d4 exd4 6. cxd4 Bb4+ 7. Nc3 O-O 8.
O-O d6 9. d5 Ne5 10. a3 Bxc3 11. bxc3 Nxc4 12. Re1 Ne5 13. Nxe5 dxe5 14. Bg5 h6
15. Bh4 Qd6 16. c4 Ng4 17. Bg3 Qf6 18. Qe2 Qg5 19. h3 Nf6 20. h4 Qg4 21. Bxe5
Qxe2 22. Rxe2 c6 23. d6 Nd7 24. Bc3 b6 25. e5 Nc5 26. Raa2 Na4 27. Bb4 a5 28. d7
Bxd7 29. Bxf8 Rxf8 30. Rab2 Nxb2 31. Rxb2 Rb8 32. Rd2 Be6 33. Rd4 c5 34. Rf4 g5
35. hxg5 hxg5 36. Rf6 Bxc4 37. Kh2 b5 38. f4 gxf4 39. Rxf4 Be6 40. Rf6 b4 41.
Rf3 Bd5 42. Rg3+ Kf8 43. Rg5 bxa3 44. e6 Bxe6 45. Rxc5 Ra8 46. Rc1 a2 47. Kg3 a4
48. Kf4 a3 49. g4 Rb8 50. g5 Rb1 51. Rc8+ Bxc8 {White resigns} 0-1

[Event "Team 45 45 League T43"]
[Site "Internet Chess Club"]
[Date "2009.10.31"]
[Round "1"]
[White "taichichen"]
[Black "TomBolini"]
[Result "0-1"]
[WhiteElo "1225"]
[BlackElo "1312"]
[Opening "Pirc: classical (two knights) system"]
[ECO "B08"]
[Time "17:50:23"]
[TimeControl "2700+45"]

1. e4 d6 2. d4 Nf6 3. Nc3 g6 4. Nf3 Bg7 5. Bc4 Nxe4 6. Nxe4 d5 7. Bd3 dxe4 8.
Bxe4 Bg4 9. Bxb7 Nd7 10. Bxa8 Qxa8 11. d5 Nb6 12. c4 Nxc4 13. Qa4+ c6 14. Qxc4
Bxf3 15. gxf3 cxd5 16. Qb5+ Kf8 17. Bf4 e5 18. Qc5+ Kg8 19. Bg3 e4 20. Rc1 Bxb2
21. Qc8+ Qxc8 22. Rxc8+ Kg7 23. fxe4 Rxc8 24. Kd2 dxe4 25. Rb1 Rd8+ 26. Ke3 Ba3
27. Kxe4 Bc5 28. Rb5 Bd6 29. Rd5 Re8+ 30. Be5+ f6 31. Rxd6 Rxe5+ 32. Kd4 Ra5 33.
Rd7+ Kh6 34. Kd3 Rxa2 35. Ke3 a5 36. Rf7 f5 37. h4 Ra4 38. f4 Re4+ 39. Kf3 a4
40. Ra7 Rb4 41. Ke3 Rb3+ 42. Kd4 a3 43. Ke5 Rh3 44. Kf6 Rxh4 45. Rxa3 Kh5 46.
Ra7 Rxf4 47. Rxh7+ Kg4 48. Kxg6 Ra4 49. Rh5 Ra6+ 50. Kg7 Kxh5 {White resigns}
0-1

[Event "Team 45 45 League T43"]
[Site "Internet Chess Club"]
[Date "2009.10.31"]
[Round "1"]
[White "farbror"]
[Black "andrew0311"]
[Result "1-0"]
[WhiteElo "1243"]
[BlackElo "1434"]
[Opening "Queen's pawn game"]
[ECO "D05"]
[Time "15:00:37"]
[TimeControl "2700+45"]

1. d4 Nf6 2. Nf3 e6 3. e3 d5 4. Bd3 Nc6 5. O-O Bd6 6. Nbd2 e5 7. dxe5 Nxe5 8.
Nxe5 Bxe5 9. Nf3 Bd6 10. Re1 Nh5 11. e4 dxe4 12. Rxe4+ Be7 13. Ng5 Nf6 14. Bb5+
Bd7 15. Bxd7+ Qxd7 16. Qxd7+ Nxd7 17. Bf4 c6 18. Bd6 O-O 19. Rxe7 f6 20. Rxd7
fxg5 21. Bxf8 Kxf8 22. Rad1 Ke8 23. Rxg7 h6 24. Rh7 b5 25. Rh8+ Ke7 26. Rxa8 Ke6
27. Rad8 Ke5 28. Re1+ Kf4 29. Rf8+ Kg4 30. Re4+ Kh5 31. Rg8 a5 32. g3 c5 33. g4+
Kh4 34. Kg2 c4 35. Re3 Kxg4 36. Rf8 Kh5 37. Kg3 b4 38. b3 c3 39. f4 Kg6 40. fxg5
hxg5 41. h4 Kg7 42. Rfe8 gxh4+ 43. Kxh4 Kf7 44. Kg5 a4 45. R3e7# {Black
checkmated} 1-0

[Event "Team 45 45 League T43"]
[Site "Internet Chess Club"]
[Date "2009.11.03"]
[Round "1"]
[White "chess9397"]
[Black "Ianjo"]
[Result "0-1"]
[WhiteElo "1845"]
[BlackElo "1899"]
[Opening "Sicilian: Najdorf, Opocensky variation"]
[ECO "B92"]
[Time "22:01:32"]
[TimeControl "2700+45"]

1. e4 c5 2. Nf3 d6 3. d4 cxd4 4. Nxd4 Nf6 5. Nc3 a6 6. Be2 e5 7. Nb3 Be7 8. O-O
Be6 9. Be3 O-O 10. f4 Qc7 11. Nd5 Bxd5 12. exd5 Nbd7 13. c4 Rfe8 14. fxe5 Nxe5
15. Nd2 Rac8 16. Rc1 Nfd7 17. Nf3 Ng4 18. Bd4 Bf6 19. Qd2 Re7 20. Bxf6 Ndxf6 21.
Bd3 Rce8 22. h3 Ne5 23. Nxe5 Rxe5 24. Rf5 Re3 25. Rcf1 R8e7 26. R5f3 Rxf3 27.
Rxf3 Nd7 28. b4 Ne5 29. Re3 g6 30. Bf1 Qb6 31. Kf2 f6 32. a3 Kg7 33. Qc3 Rc7 34.
Ke1 a5 35. c5 dxc5 36. Rxe5 axb4 37. axb4 fxe5 38. Qxe5+ Kf7 39. Qf4+ Ke8 40. d6
Rf7 41. Qe5+ Kd7 42. Qxc5 Qxc5 43. bxc5 Rf5 44. Bb5+ Kd8 45. Kd2 Rxc5 46. Ba4
Rd5+ 47. Kc3 Rxd6 48. Kb4 Rd4+ 49. Kb5 Rxa4 50. Kxa4 Ke7 51. Kb5 Kf6 52. Kb6 Ke5
53. g3 Ke4 54. Kxb7 Kf3 55. Kc6 Kxg3 56. Kd5 Kxh3 57. Ke4 g5 58. Kf3 g4+ 59. Kf2
Kh2 {White resigns} 0-1

[Event "Team 45 45 League T43"]
[Site "Internet Chess Club"]
[Date "2009.11.02"]
[Round "1"]
[White "jpoblano"]
[Black "cityprosecutor"]
[Result "1-0"]
[WhiteElo "1759"]
[BlackElo "1682"]
[Opening "Old Indian defense"]
[ECO "A42"]
[Time "22:01:41"]
[TimeControl "2700+45"]

1. d4 d6 2. c4 e5 3. dxe5 dxe5 4. Qxd8+ Kxd8 5. e4 Bb4+ 6. Nd2 f6 7. a3 Bd6 8.
b4 c6 9. c5 Bc7 10. Nc4 Be6 11. Be3 Bxc4 12. Bxc4 a5 13. Rd1+ Ke7 14. b5 cxb5
15. Bxb5 Nc6 16. a4 Rd8 17. Ne2 Rxd1+ 18. Kxd1 h5 19. Nc3 Nb4 20. Nd5+ Nxd5 21.
exd5 Kf7 22. d6 Bd8 23. Bc4+ Ke8 24. Bd5 b6 25. cxb6 Bxb6 26. Bxb6 Kd7 27. Bc7
Ne7 28. Bc4 Nc8 29. Bb5+ Ke6 30. d7 {Black resigns} 1-0